 Dungeon Crawl Stone Soup version 0.30-a0-867-g305f33218d (webtiles) character file.

Game seed: 12072828961461987904

133 Hubris850 the Trooper (level 5, -7/49 (54) HPs)
             Began as an Ogre Reaver on Mar 10, 2023.
             Mangled by a gnoll
             ... wielding a +0 halberd
              (15 damage)
             ... on level 4 of the Dungeon.
             The game lasted 00:06:26 (3087 turns).

Hubris850 the Trooper (Ogre Reaver)                 Turns: 3087, Time: 00:06:27

HP:   -7/49 (54)    AC:  3    Str: 18    XL:     5   Next: 16%
MP:   9/9           EV:  8    Int: 14    God:
Gold: 108           SH:  6    Dex:  7    Spells: 9/10 levels left

rFire   . . .      SeeInvis .    a - +0 mace
rCold   . . .      Faith    .    e - +0 kite shield
rNeg    . . .      Spirit   .    b - +0 robe
rPois   .          Reflect  .    (helmet restricted)
rElec   .          Rampage  .    (no cloak)
rCorr   +                        (gloves unavailable)
Will    .....                    (boots unavailable)
Stlth   +                        (no amulet)
HPRegen 0.28/turn                c - ring of resist corrosion
MPRegen 0.11/turn                (no ring)

@: drained
A: large, unfitting armour, tough skin 1
a: no special abilities


You were on level 4 of the Dungeon.
You visited 1 branch of the dungeon, and saw 4 of its levels.

You collected 108 gold pieces.

Inventory:

Hand Weapons
 a - a +0 mace (weapon)
Armour
 b - a +0 robe (worn)
 e - a +0 kite shield (worn)
Magical Staves
 o - a staff of death
Jewellery
 c - a ring of resist corrosion (left hand)
Scrolls
 d - a scroll of magic mapping {unknown}
 f - a scroll of torment {unknown}
 i - a scroll of vulnerability {unknown}
 j - a scroll of enchant weapon {unknown}
 k - a scroll of teleportation {unknown}
 n - a scroll of immolation {unknown}
Potions
 g - 2 potions of magic {unknown}
 h - 2 potions of curing {unknown}
 l - 2 potions of might {unknown}
 m - a potion of heal wounds {unknown}
 p - a potion of ambrosia {unknown}
 q - a potion of mutation {unknown}


   Skills:
 + Level 3.8 Fighting
 + Level 3.3 Maces & Flails
 + Level 2.7 Dodging
 + Level 1.7 Shields
 - Level 3.0 Spellcasting
 - Level 3.0 Conjurations


You had 9 spell levels left.
You knew the following spells:

 Your Spells              Type           Power      Damage    Failure   Level
a - Kiss of Death         Conj/Necr      24%        2d7       28%         1

Your spell library contained the following spells:

 Spells                   Type           Power      Damage    Failure   Level
 Momentum Strike          Conj/Tloc      12%        3d8       41%         2
 Apportation              Tloc           4%         N/A       47%         1
 Hailstorm                Conj/Ice       6%         3d4       65%         3
 Alistair's Intoxication  Tmut/Pois      1%         N/A       100%        5


Dungeon Overview and Level Annotations

Branches:
Dungeon (4/15)
 Temple: D:4-7

Altars:

Shops:
D:1 :


Innate Abilities, Weirdness & Mutations

You are too large for most types of armour.
You have tough skin. (AC +1)


Message History

The gnoll is almost dead.
You block the gnoll's attack.
You hit the gnoll.
You kill the gnoll!
The gnoll hits you with a +0 flail!
You have reached level 5!
You hit the gnoll.
The gnoll is almost dead.
The gnoll hits you with a +0 flail!
You hit the gnoll.
You kill the gnoll!
Items here: )) ††.
Your life force is drained.
Your movement speed is average.
Your attack delay is about 1.3 (and is slowed by your shield).
Your damage rating with your +0 mace is about 10 (Base 8 x 120% (Str) x 112% (Skill)).
You start resting.
A gnoll is nearby!
The gnoll shouts!
The gnoll throws a throwing net.
The throwing net hits you.
You become entangled in the net!
You see here a throwing net.
You struggle against the net.
The gnoll hits you from afar with a +0 halberd.
You tear a large gash into the net.
The gnoll hits you from afar with a +0 halberd.
You struggle against the net.
The gnoll barely misses you.
You rip the net and break free!
The gnoll throws a throwing net.
The throwing net barely misses you.
A gnoll comes into view. It is wielding a +0 whip.
The gnoll shouts!
You block the gnoll's attack. The gnoll hits you with a +0 halberd!
* * * LOW HITPOINT WARNING * * *
You see here a ball python corpse.
You barely miss the gnoll. You block the gnoll's attack.
The gnoll barely misses you. You block the gnoll's attack.
The gnoll hits you with a +0 halberd.
* * * LOW HITPOINT WARNING * * *
The gnoll attacks as you move away! The gnoll hits you with a +0 halberd!
You die...

####.######... ..#.##.##
+.........#.# #....
####.#..#..... #..##
..####.#..#.#.##. #....
#................. #....
#######.#..###.### #....
#.#..# ..#....
####.#.g###### ........
.....[.g@()..# .#......
####+#..####.# #......
#.......####.####.#.##...
#............[..#.#......
#......#####.##.#.......#
#.............#.#........
#......###.####.#.#####.#
####+#.###.####.#.# #..
...........#.#.#####..


You could see 2 gnolls.

Vanquished Creatures
  2 gnolls (D:4)
  6 adders
  A worm (D:2)
  A dart slug (D:3)
  7 ball pythons
  5 endoplasms
  3 giant cockroaches (D:3)
  5 goblins
  4 hobgoblins
  2 jackals (D:1)
  3 quokkas
  8 bats
  2 frilled lizards (D:1)
  4 kobolds (D:2)
  3 rats
56 creatures vanquished.

Notes
Turn   | Place    | Note
-------+----------+-------------------------------------------
     0 | D:1      | Hubris850 the Ogre Reaver began the quest for the Orb.
     0 | D:1      | Reached XP level 1. HP: 22/22 MP: 3/3
   284 | D:1      | Reached XP level 2. HP: 29/29 MP: 5/5
   709 | D:1      | Found Xizaol's Book Boutique.
   969 | D:2      | Reached XP level 3. HP: 34/37 MP: 6/6
  1148 | D:2      | Reached skill level 1 in Shields
  1589 | D:2      | Reached XP level 4. HP: 23/37 MP: 6/8
  3073 | D:4      | Reached XP level 5. HP: 28/49 MP: 9/9
  3087 | D:4      | Mangled by a gnoll

Illustrated notes

Levels and vault maps discovered:
D:1:      reono_arrival_mine, layout_basic, serial_shops, shop,
          minmay_tiny_reverse_x
D:2:      layout_loops_ring, grunt_ministairs_1
D:3:      layout_basic, minmay_crystal_room, minivault_27
D:4:      layout_basic

Skill      XL: |  1  2  3  4 |
---------------+-------------+-----
Dodging        | 2 |  2.7
Fighting       | 3 |  3.8
Maces & Flails | 3 |  3.3
Shields        | 1 |  1.7
Conjurations   | 3 |  3.0
Spellcasting   | 3 |  3.0

Action                     |  1- 3 |  4- 6 || total
---------------------------+-------+-------++-------
  Melee: Mace              |   128 |    81 ||   209
   Cast: Kiss of Death     |     2 |       ||     2
   Stab: Sleeping          |       |     1 ||     1
 Armour: Robe              |    44 |    26 ||    70
  Dodge: Dodged            |    58 |    39 ||    97
  Block: Kite shield       |    41 |    31 ||    72

Table legend: (Time is in decaauts)
 A = Elapsed time spent in this place.
 B = Non-inter-level travel time spent in this place.
 C = Inter-level travel time spent in this place.
 D = Time resting spent in this place.
 E = Time spent auto-exploring this place.
 F = Levels seen in this place.
 G = Mean time per level.
                   A        B        C        D        E       F      G
               +--------+--------+--------+--------+--------+-----+--------+
         Total |   3166 |   3084 |     82 |     47 |   2503 |   4 |  791.5 |
       Dungeon |   3166 |   3084 |     82 |     47 |   2503 |   4 |  791.5 |
               +--------+--------+--------+--------+--------+-----+--------+

Top non-repeatable levels by time:
     D:2: 1016 daAuts
     D:3: 886 daAuts
     D:1: 876 daAuts
     D:4: 386 daAuts
